 Dungeon Crawl Stone Soup version 0.28-a0-1429-gf3d713df7a (webtiles) character file.

Game seed: 11311757685861565159

74 browni3141 the Shield-Bearer (level 4, 0/52 HPs)
             Began as a Human Fighter on Jan 8, 2022.
             Succumbed to an adder's poison
             ... on level 2 of the Dungeon.
             The game lasted 00:01:45 (1609 turns).

browni3141 the Shield-Bearer (Human Fighter)        Turns: 1609, Time: 00:01:46

Health: 0/52       AC:  6    Str: 18    XL:     4   Next: 54%
Magic:  4/4        EV:  9    Int:  9    God:
Gold:   46         SH:  5    Dex: 12    Spells: 3/3 levels left

rFire   + . .      SeeInvis .   a - +0 long sword
rCold   . . .      Faith    .   c - +0 buckler
rNeg    . . .      Spirit   .   b - +0 scale mail
rPois   .          Reflect  .   (no helmet)
rElec   .          Harm     .   (no cloak)
rCorr   .          Rampage  .   (no gloves)
Will    .....                   (no boots)
Stlth   ..........              (no amulet)
HPRegen 0.17/turn               h - ring of protection from fire
MPRegen 0.09/turn               (no ring)

@: mighty, berserking, lethally poisoned (0 -> -4), very quick
A: no striking features
a: no special abilities


You were on level 2 of the Dungeon.
You visited 1 branch of the dungeon, and saw 2 of its levels.

You collected 46 gold pieces.

Inventory:

Hand Weapons
 a - a +0 long sword (weapon)
Armour
 b - a +0 scale mail (worn)
 c - a +0 buckler (worn)
Jewellery
 h - a ring of protection from fire (left hand)
Scrolls
 e - a scroll of fear {unknown}
 f - a scroll of immolation {unknown}
 g - a scroll of identify {unknown}
Potions
 j - a potion of haste {unknown}
 k - a potion of flight {unknown}


   Skills:
 - Level 3.0 Fighting
 - Level 2.0 Long Blades
 - Level 3.0 Armour
 * Level 5.0 Shields


You had 3 spell levels left.
You didn't know any spells.
Your spell library contained the following spells:

 Spells                   Type           Power      Damage    Failure   Level
 Animate Armour           Summ/Erth      0%         N/A       100%        4
 Blade Hands              Tmut           0%         N/A       100%        5
 Iron Shot                Conj/Erth      0%         9d1       100%        6


Dungeon Overview and Level Annotations

Branches:
Dungeon (2/15)

Altars:


Message History

You miss the adder.
The adder is severely wounded.
You feel very sick. The adder bites you.
You are more poisoned.
The adder poisons you! The adder bites you.
You closely miss the adder.
The adder is severely wounded.
You feel sick. The adder barely misses you. You block the adder's attack.
You closely miss the adder.
The adder is severely wounded.
You feel sick. The adder bites you but does no damage.
You feel very mighty all of a sudden.
You feel sick. The adder bites you but does no damage. The adder bites you.
* * * LOW HITPOINT WARNING * * *
You are lethally poisoned!
The adder poisons you!
Unknown command.
You slash the adder!
You kill the adder!
* * * LOW HITPOINT WARNING * * *
You feel very sick. You block the jackal's attack.
Your Shields skill increases to level 5!
Unknown command.
It was a potion of berserk rage.
A red film seems to cover your vision as you go berserk!
You feel yourself moving faster!
You feel mighty!
* * * LOW HITPOINT WARNING * * *
You feel sick. The jackal bites you.
* * * LOW HITPOINT WARNING * * *
Unknown command.
You are too berserk!
Unknown command.
You slash the jackal!
You kill the jackal!
* * * LOW HITPOINT WARNING * * *
You feel sick.
You closely miss the jackal.
You die...

#.##.###.##........##. #
#.# #.####.#....... #.#
#.# #.#.##.##. ..#
#.####.#....... # ...
............... ..# #..#
#.########..##. #)(.#..#
#.# #........#
###...####.########†.#.#
#....hh@................
..########.######.#..#.#
#.######...[#..
#.#...........#
#.....##.#.....
########.........#
..................
########.######### #.#


You could see 2 jackals.

Vanquished Creatures
  3 adders (D:2)
  3 dart slugs (D:1)
  3 ball pythons
  3 endoplasms (D:1)
  3 giant cockroaches
  3 goblins (D:1)
  A hobgoblin (D:2)
  4 jackals
  A quokka (D:1)
  5 bats
  5 frilled lizards
  3 kobolds
  2 rats (D:1)
39 creatures vanquished.

Notes
Turn   | Place    | Note
-------+----------+-------------------------------------------
     0 | D:1      | browni3141 the Human Fighter began the quest for the Orb.
     0 | D:1      | Reached XP level 1. HP: 18/18 MP: 1/1
   126 | D:1      | Reached XP level 2. HP: 13/24 MP: 2/2
   412 | D:1      | Reached skill level 4 in Shields
   412 | D:1      | Reached XP level 3. HP: 29/29 MP: 3/3
  1283 | D:2      | Reached XP level 4. HP: 35/35 MP: 4/4
  1323 | D:2      | Found a faded altar of an unknown god.
  1607 | D:2      | Reached skill level 5 in Shields
  1607 | D:2      | HP: 2/52 [jackal (1)]
  1609 | D:2      | Succumbed to an adder's poison

Illustrated notes

Levels and vault maps discovered:
D:1:      elethiomel_arrival_infinity_welcomes_careful_drivers, layout_rooms
D:2:      layout_basic, hellmonk_ecumenical_altar_inner_sanctum,
          minmay_pentomino_t2, uniq_robin

Skill      XL: |  1  2  3  4 |
---------------+-------------+-----
Shields        | 4 5 |  5.0
Fighting       | |  3.0
Long Blades    | |  2.0
Armour         | |  3.0

Action                   |  1- 3 |  4- 6 || total
-------------------------+-------+-------++-------
Melee: Long sword        |   107 |    40 ||   147
  Use: Potion            |       |     2 ||     2
Armor: Scale mail        |    79 |    12 ||    91
Dodge: Dodged            |    70 |    17 ||    87
Block: Buckler           |    34 |    16 ||    50

Table legend: (Time is in decaauts)
 A = Elapsed time spent in this place.
 B = Non-inter-level travel time spent in this place.
 C = Inter-level travel time spent in this place.
 D = Time resting spent in this place.
 E = Time spent auto-exploring this place.
 F = Levels seen in this place.
 G = Mean time per level.
                   A        B        C        D        E       F      G
               +--------+--------+--------+--------+--------+-----+--------+
         Total |   1659 |   1644 |     15 |    224 |   1080 |   2 |  829.5 |
       Dungeon |   1659 |   1644 |     15 |    224 |   1080 |   2 |  829.5 |
               +--------+--------+--------+--------+--------+-----+--------+

Top non-repeatable levels by time:
     D:1: 1243 daAuts
     D:2: 416 daAuts
